Map: Oxide LE

Players

MaSa

  • Race: Terran Terran

Namshar - Winner!

  • Race: Zerg Zerg

Event: DreamHack SC2 Masters 2021 Fall

VOD

Have the link to the VOD?

Description

Time

  • Played on: Aug. 13, 2021, 3:19 p.m.
  • Length: 8:57

All games in this series

Show
View Real Time Build Order
Export as new Build Order

MaSa Terran 

Build Orders: Reaper Expand 

Get SALT Encoding   

  12  0:00  SCV  
  13  0:12  SCV  
  14  0:17  Supply Depot  
  14  0:24  SCV  
  15  0:38  SCV  
  15  0:40  Barracks  
  16  0:43  Refinery  
  16  0:50  SCV  
  17  1:03  SCV  
  18  1:15  SCV  
  19  1:27  Reaper, Orbital Command  
  20  1:38  Command Center  
  20  1:49  Supply Depot  
  20  1:53  SCV  
  21  1:59  Marine  
  22  2:05  SCV  
  23  2:12  Factory  
  23  2:19  SCV  
  23  2:20  Barracks Reactor  
  24  2:39  SCV  
  24  2:41  Command Center  
  25  2:51  Orbital Command  
  25  2:54  SCV  
  26  3:00  Barracks  
  26  3:05  Hellion  
  28  3:08  Hellion  
  28  3:11  Barracks Tech Lab  
  30  3:13  SCV  
  30  3:18  SCV  
  32  3:21  Refinery  
  32  3:25  SCV  
  33  3:28  Hellion  
  33  3:31  Hellion  
  33  3:32  SCV  
  33  3:33  Marine  
  39  3:39  Stimpack  
  39  3:40  SCV  
  40  3:44  SCV  
  41  3:52  SCV  
  41  3:53  Orbital Command  
  42  3:56  SCV  
  42  3:58  Starport  
  42  3:59  Marine  
  44  4:04  SCV, Factory Reactor  
  44  4:08  SCV  
  46  4:11  Supply Depot  
  46  4:13  Marine  
  46  4:15  Refinery  
  46  4:16  SCV  
  48  4:20  SCV  
  48  4:21  Marine x2  
  48  4:22  SCV  
  52  4:28  SCV  
  53  4:32  Barracks  
  53  4:33  Marine  
  53  4:34  Supply Depot  
  53  4:36  SCV  
  55  4:39  SCV  
  55  4:43  SCV  
  55  4:44  Marine x2  
  59  4:48  SCV  
  59  4:51  Factory Reactor  
  60  4:54  Engineering Bay  
  60  4:55  Engineering Bay  
  60  4:56  Marine  
  60  4:57  SCV  
  63  5:01  Orbital Command  
  63  5:03  Supply Depot  
  63  5:04  Medivac  
  63  5:05  Medivac  
  66  5:10  Marine  
  66  5:11  Marine, SCV  
  66  5:13  Marine, SCV  
  71  5:20  Supply Depot  
  71  5:21  Barracks Reactor, Refinery  
  71  5:26  SCV  
  71  5:27  SCV x2  
  74  5:28  Marine  
  74  5:31  Terran Infantry Weapons Level 1  
  75  5:37  Terran Infantry Armor Level 1, Medivac  
  75  5:38  SCV  
  75  5:39  Marine x2, SCV x2  
  82  5:49  Marine, Supply Depot  
  83  5:50  SCV  
  83  5:51  SCV  
  83  5:54  Widow Mine x2  
  89  5:59  Marine x2  
  89  6:01  Marine, SCV  
  95  6:11  SCV x2  
  95  6:15  Supply Depot  
  95  6:16  Armory  
  95  6:21  Barracks  
  95  6:22  SCV, Barracks  
  95  6:23  SCV  
  97  6:27  SCV  
  97  6:30  Combat Shield  
  97  6:31  Medivac  
  100  6:35  SCV  
  100  6:36  Medivac  
  100  6:38  SCV  
  100  6:39  Marine x3  
  107  6:44  Marine x2, Supply Depot  
  109  7:01  Factory  
  109  7:02  Supply Depot x2  
  109  7:05  SCV x3  
  116  7:08  Widow Mine x2  
  116  7:10  Supply Depot  
  116  7:11  Supply Depot  
  113  7:18  Marine x3  
  113  7:19  Marine, Barracks Tech Lab  
  113  7:20  Barracks Reactor  
  113  7:21  Medivac, Marauder  
  116  7:23  Medivac  
  116  7:24  SCV  
  116  7:28  SCV  
  118  7:32  SCV  
  118  7:34  Widow Mine x2  
  118  7:36  SCV  
  123  7:40  SCV  
  123  7:42  Marine x4, Marauder  
  129  7:48  SCV  
  124  7:52  SCV  
  117  8:01  Marauder  
  117  8:02  SCV  
  117  8:04  Marine x2  
  117  8:05  Marauder  
  111  8:07  SCV  
  101  8:14  SCV  
  101  8:19  SCV  
  84  8:26  SCV  
  79  8:31  Marine, SCV  
  79  8:32  Marine x4, Marauder  
  71  8:37  Marine x2  
  71  8:38  SCV  
Show
View Real Time Build Order
Export as new Build Order

Namshar Zerg - Winner!

Build Orders: Hatch First 

Get SALT Encoding   

  12  0:00  Drone  
  13  0:12  Overlord  
  13  0:17  Drone  
  14  0:30  Drone x2  
  16  0:47  Hatchery  
  15  0:50  Drone  
  15  0:54  Drone  
  17  0:57  Drone  
  18  1:08  Extractor  
  17  1:12  Spawning Pool  
  17  1:15  Drone  
  17  1:18  Drone  
  18  1:27  Drone  
  19  1:38  Drone  
  20  1:48  Drone  
  21  1:59  Queen x2, Zergling x2  
  21  2:00  Zergling x2  
  27  2:12  Drone, Overlord  
  28  2:22  Hatchery  
  28  2:23  Drone  
  28  2:28  Metabolic Boost  
  28  2:33  Drone x2  
  30  2:38  Drone  
  31  2:45  Drone, Overlord  
  32  2:52  Queen  
  32  2:54  Drone  
  32  2:58  Drone  
  36  3:04  Drone  
  36  3:05  Drone  
  38  3:12  Drone x3  
  41  3:13  Queen  
  41  3:18  Drone  
  41  3:19  Overlord  
  44  3:33  Overlord  
  44  3:34  Queen, Drone x2  
  44  3:38  Drone  
  44  3:41  Drone  
  50  3:44  Queen  
  50  3:46  Drone  
  53  3:50  Extractor, Drone x4  
  53  3:55  Overlord  
  57  3:56  Queen  
  57  4:00  Drone  
  57  4:01  Drone  
  61  4:05  Overlord  
  61  4:13  Overlord x2  
  61  4:14  Zergling x4  
  63  4:17  Lair  
  63  4:20  Zergling x2  
  63  4:22  Drone  
  63  4:23  Drone  
  63  4:24  Extractor  
  65  4:25  Extractor  
  65  4:28  Drone x2  
  65  4:29  Drone x3  
  69  4:33  Drone  
  69  4:37  Roach Warren  
  69  4:38  Drone  
  69  4:42  Drone x2  
  71  4:47  Drone x3, Evolution Chamber  
  71  4:49  Evolution Chamber  
  71  4:51  Drone x4  
  76  4:56  Overlord  
  76  4:57  Drone  
  77  5:00  Extractor  
  77  5:06  Overlord  
  76  5:07  Drone x2  
  76  5:12  Drone  
  79  5:14  Zerg Ground Armor Level 1, Zerg Missile Weapons Level 1, Overlord  
  79  5:16  Glial Reconstitution  
  79  5:17  Drone x3  
  79  5:18  Drone  
  79  5:20  Drone x2  
  85  5:23  Extractor  
  85  5:24  Extractor  
  85  5:27  Drone x4  
  87  5:37  Overlord x2  
  87  5:48  Overlord x2  
  87  5:51  Roach x5  
  87  5:57  Roach x2  
  101  6:00  Overlord  
  101  6:02  Roach x4  
  109  6:05  Hatchery  
  109  6:08  Roach x3  
  115  6:20  Roach x7  
  128  6:30  Roach x4  
  136  6:38  Overlord x3  
  136  6:40  Ravager x3  
  136  6:41  Ravager, Hatchery  
  136  6:44  Roach x3  
  145  6:51  Overlord x2  
  145  6:53  Ravager  
  146  6:57  Roach x5  
  146  7:00  Roach x4  
  164  7:07  Ravager x2  
  163  7:20  Roach  
  163  7:21  Roach x8  
  180  7:24  Overseer x2  
  177  7:37  Overlord x3  
  177  7:39  Roach  
  177  7:40  Roach x3  
  185  7:51  Roach  
  175  8:11  Roach x14  
  184  8:24  Roach  
  184  8:25  Roach x5  
  184  8:38  Infestation Pit  

Tags
 
Add a new tag
Caveats
  • Supply blocks, unpowered buildings, or Contaminate may cause inaccurate times.
  • Supply counts are checked every 10 seconds.